 Dungeon Crawl Stone Soup version 0.17.1-2-g5865329 (webtiles) character file.

10857 Arkorax the Fighter (level 12, -2/82 HPs)
             Began as a Kobold Gladiator on Jan 11, 2016.
             Was an Elder of Zin.
             Slain by an unseen horror (7 damage)
             ... on level 11 of the Dungeon.
             The game lasted 00:25:11 (14224 turns).

Arkorax the Fighter (Kobold Gladiator)             Turns: 14224, Time: 00:25:11

Health: -2/82      AC:  7    Str: 15    XL:     12   Next: 0%
Magic:  12/12      EV: 24    Int:  6    God:    Zin [****..]
Gold:   381        SH:  0    Dex: 20    Spells: 1 memorised, 4 levels left

rFire  + . .     SeeInvis .     a - +0 quarterstaff
rCold  . . .     Clarity  +     l - +0 robe
rNeg   . . .     SustAt   .     (shield currently unavailable)
rPois  .         Gourm    .     Q - +0 helmet
rElec  .         Spirit   .     C - +1 cloak
rCorr  .         Warding  .     z - +0 pair of gloves
rMut   .         Stasis   .     h - +0 pair of boots
MR     .....                    W - amulet of clarity
Stlth  +++.......               M - ring of stealth
                                r - ring of protection from fire

@: not resistant to hostile enchantments, fairly stealthy
A: carnivore 3
a: Recite, Vitalisation, Imprison, Donate Gold, Renounce Religion


You were on level 11 of the Dungeon.
You worshipped Zin.
Zin was greatly pleased with you.
You were very full.

You visited 3 branches of the dungeon, and saw 13 of its levels.

You collected 655 gold pieces.
You spent 126 gold pieces at shops.
You donated 148 gold pieces to Zin.

Inventory:

Hand Weapons
 a - a +0 quarterstaff (weapon)
Missiles
 c - 12 tomahawks (quivered)
Armour
 h - a +0 pair of boots (worn)
 l - a +0 robe (worn)
 z - a +0 pair of gloves (worn)
 C - a +1 cloak (worn)
 Q - a +0 helmet (worn)
Jewellery
 r - a ring of protection from fire (left hand)
 A - an uncursed amulet of guardian spirit
 J - an uncursed ring of protection from cold
 M - a ring of stealth (right hand)
 P - an uncursed amulet of resist mutation
 W - an amulet of clarity (around neck)
Wands
 b - a wand of flame (24)
 d - a wand of magic darts (16)
 D - a wand of disintegration (8)
 R - a wand of hasting (1)
Scrolls
 i - 3 scrolls of immolation
 j - 5 scrolls of teleportation
 k - a scroll of magic mapping
 m - 2 scrolls of enchant weapon
 n - a scroll of enchant armour
 o - 5 scrolls of identify
 t - a scroll of fog
 x - a scroll of recharging
 y - 3 scrolls of remove curse
 O - a scroll of amnesia
Potions
 f - a potion of curing
 p - 2 potions of lignification
 s - a potion of flight
 B - a potion of degeneration
 L - 3 potions of agility
 N - a potion of magic
 T - a potion of brilliance
 V - a potion of might
Books
 u - a book of Clouds

   Spells                             Type                      Level
   a - Mephitic Cloud                 Conjuration/Poison/Air       3
   b - Conjure Flame                  Conjuration/Fire             3
   c - Poisonous Cloud                Conjuration/Poison/Air       6
   d - Freezing Cloud                 Conjuration/Ice/Air          6
   e - Ring of Flames                 Charms/Fire                  7
 H - a book of Beasts

   Spells                             Type                      Level
   a - Summon Butterflies             Summoning                    1
   b - Call Canine Familiar           Summoning                    3
   c - Summon Ice Beast               Ice/Summoning                4
   d - Summon Mana Viper              Hexes/Summoning              5
   e - Summon Hydra                   Summoning                    7
 K - a book of Necromancy

   Spells                             Type                      Level
   a - Pain                           Necromancy                   1
   b - Animate Skeleton               Necromancy                   1
   c - Vampiric Draining              Necromancy                   3
   d - Regeneration                   Charms/Necromancy            3
   e - Animate Dead                   Necromancy                   4
   f - Control Undead                 Necromancy                   4
   Zin disapproves of the use of such an item.
Miscellaneous
 X - a phantom mirror
 Y - a disc of storms
Comestibles
 e - 6 meat rations
 q - 10 royal jellies
 F - 6 beef jerkies
 G - a slice of pizza


   Skills:
 * Level 12.5 Fighting
 * Level 10.9 Staves
 - Level 2.1 Throwing
 + Level 10.2 Dodging


You had 4 spell levels left.
You knew the following spells:

 Your Spells              Type           Power        Failure   Level  Hunger
a - Ring of Flames        Chrm/Fire      #.........   100%        7    #######


Dungeon Overview and Level Annotations

Branches:
Dungeon (11/15)            Temple (1/1) D:6            Lair (1/8) D:8
    Orc: D:9-12

Altars:
Ashenzari
Cheibriados
Elyvilon
Gozag
Kikubaaqudgha
Makhleb
Nemelex Xobeh
Qazlal
Ru
Sif Muna
Trog
Vehumet
Xom
Yredelemnul
Zin
The Shining One

Shops:
D:4 %   D:11 *


Innate Abilities, Weirdness & Mutations

You are small and have problems with some larger weapons.
You are carnivorous and can eat meat at any time.


Message History

Something hits you but does no damage. Something hits you.
* * * LOW HITPOINT WARNING * * *
Something hits you but does no damage. Something hits you but does no damage.
You closely miss something. Something closely misses you.
Something closely misses you. Something hits you.
* * * LOW HITPOINT WARNING * * *
Something barely misses you. Something barely misses you. Something misses you.
Something barely misses you. Something hits you.
* * * LOW HITPOINT WARNING * * *
Something hits you.
* * * LOW HITPOINT WARNING * * *
Something misses you. Something hits you but does no damage.
Something hits you!
You die...

########
.#.....#########
..(.....#......###
.................#
........)......#.#
.........###)###.#
.........# #)# #@#
.<..?....# #)# #.#
........## #.# #.#
.#.....## ##.###.#
####### #......#
#......# ##......#
#..(....#
#..##.##.####


There were no monsters in sight!

Vanquished Creatures
  2 hill giants (D:10)
  A black mamba (Lair:1)
  A spiny frog (Lair:1)
  A two-headed ogre (D:9)
  A deep elf mage (D:6)
  A wraith (D:11)
  2 wyverns
  2 hungry ghosts
  A steam dragon (D:9)
  15 yaks
  A hippogriff (D:8)
  A soldier ant (D:8)
  4 wolves (Lair:1)
  2 water moccasins
  2 orc warriors
  A black bear (D:8)
  4 sky beasts
  A spider (D:8)
  2 wasps
  9 ogres
  4 centaurs
  4 ice beasts
  A big kobold (D:9)
  5 giant frogs
  A crocodile (Lair:1)
  3 scorpions
  10 killer bees (D:7)
  9 wights
  6 crimson imps
  A jelly (D:11)
  3 hounds
  4 giant frog skeletons
  4 orc priests
  2 iguanas
  Jessica (D:2)
  9 orc wizards
  6 worker ants
  A killer bee zombie (D:9)
  2 hound zombies
  8 gnolls
  3 worker ant zombies
  A shadow imp (D:7)
  5 adders
  An ooze (D:3)
  3 adder skeletons
  An adder zombie (D:5)
  5 worms
  8 giant geckos
  31 orcs
  12 bats
  4 giant cockroaches
  11 hobgoblins
  17 jackals
  8 kobolds
  4 quokkas
  3 ball pythons
  8 giant newts
  6 goblins
  A quokka skeleton (D:7)
  A quokka zombie (D:7)
  8 rats
279 creatures vanquished.

Vanquished Creatures (others)
  4 fungi
4 creatures vanquished.

Grand Total: 283 creatures vanquished

Notes
Turn   | Place    | Note
--------------------------------------------------------------
     0 | D:1      | Arkorax the Kobold Gladiator began the quest for the Orb.
     0 | D:1      | Reached XP level 1. HP: 12/12 MP: 1/1
    53 | D:1      | Found a sparkling altar of Nemelex Xobeh.
   101 | D:1      | Reached XP level 2. HP: 5/18 MP: 2/2
   749 | D:1      | Reached XP level 3. HP: 22/22 MP: 3/3
  1456 | D:2      | Noticed Jessica
  1470 | D:2      | Killed Jessica
  1470 | D:2      | Reached skill level 4 in Dodging
  1470 | D:2      | Reached XP level 4. HP: 15/28 MP: 4/4
  2088 | D:3      | Reached XP level 5. HP: 30/32 MP: 5/5
  2113 | D:3      | Reached XP level 6. HP: 23/38 MP: 6/6
  2871 | D:3      | Reached XP level 7. HP: 41/44 MP: 7/7
  2938 | D:3      | Reached skill level 5 in Fighting
  2982 | D:3      | Reached skill level 5 in Dodging
  3314 | D:4      | Reached skill level 5 in Staves
  3364 | D:4      | Found Arull's Food Shop.
  3372 | D:4      | Bought a meat ration for 55 gold pieces
  3372 | D:4      | Bought a meat ration for 55 gold pieces
  3372 | D:4      | Bought a beef jerky for 16 gold pieces
  3901 | D:5      | Entered Level 5 of the Dungeon
  3992 | D:5      | Found a glowing golden altar of the Shining One.
  4119 | D:5      | Reached skill level 6 in Fighting
  4119 | D:5      | Reached XP level 8. HP: 33/51 MP: 4/8
  4676 | D:5      | Reached skill level 7 in Fighting
  4884 | D:5      | Found an opulent altar of Gozag.
  4996 | D:6      | Found a deep blue altar of Sif Muna.
  5117 | D:6      | Noticed a deep elf mage
  5118 | D:6      | Found a basalt altar of Yredelemnul.
  5194 | D:6      | Killed a deep elf mage
  5194 | D:6      | Reached XP level 9. HP: 54/58 MP: 9/9
  5312 | D:6      | Found a staircase to the Ecumenical Temple.
  5321 | Temple   | Entered the Ecumenical Temple
  5449 | Temple   | Became a worshipper of Zin the Law-Giver
  5449 | Temple   | Reached * piety under Zin
  5481 | Temple   | Donated 96 gold pieces to Zin
  5510 | D:6      | Noticed a moth of wrath
  5513 | D:6      | Found a bloodstained altar of Trog.
  5709 | D:6      | Reached skill level 8 in Fighting
  5798 | D:6      | Found a stormy altar of Qazlal.
  5857 | D:6      | Found a basalt altar of Yredelemnul.
  6286 | D:7      | Reached skill level 9 in Fighting
  6394 | D:7      | Reached XP level 10. HP: 47/66 MP: 7/10
  6430 | D:7      | Reached ** piety under Zin
  6859 | D:7      | Found a sacrificial altar of Ru.
  7078 | D:8      | Found a staircase to the Lair.
  7272 | D:8      | Reached skill level 10 in Fighting
  9333 | D:9      | Reached *** piety under Zin
  9569 | D:9      | Got an ancient morningstar {drain}
  9570 | D:9      | Identified the +5 morningstar of the Swamp {drain, rPois rF- Str+3 Int+6} (You took it off an orc wizard on level 9 of the Dungeon)
 10057 | D:9      | Reached skill level 11 in Fighting
 10057 | D:9      | Reached XP level 11. HP: 46/74 MP: 6/11
 10801 | D:10     | Entered Level 10 of the Dungeon
 10883 | D:10     | Noticed a hill giant
 10914 | D:10     | Killed a hill giant
 10918 | D:10     | Reached skill level 10 in Staves
 11058 | D:10     | Found a deep blue altar of Sif Muna.
 11188 | D:10     | Noticed a hill giant
 11229 | D:10     | Killed a hill giant
 12415 | Lair:1   | Entered Level 1 of the Lair of Beasts
 12432 | Lair:1   | Reached **** piety under Zin
 12466 | Lair:1   | Reached skill level 12 in Fighting
 12535 | Lair:1   | Learned a level 7 spell: Ring of Flames
 12712 | Lair:1   | Reached skill level 10 in Dodging
 12978 | Lair:1   | Found a shimmering altar of Xom.
 13999 | D:11     | Found Reczil's Assorted Antiques.
 14107 | D:11     | Reached XP level 12. HP: 66/82 MP: 12/12
 14169 | D:11     | HP: 2/82 [something (7)]
 14224 | D:11     | Slain by an unseen horror

Action                   |  1- 3 |  4- 6 |  7- 9 | 10-12 || total
-------------------------+-------+-------+-------+-------++-------
Melee: Quarterstaff      |   100 |   115 |   469 |   871 ||  1555
Throw: Throwing net      |       |     4 |     1 |     2 ||     7
       Tomahawk          |       |       |       |    11 ||    11
Invok: Donate Gold       |       |       |     1 |       ||     1
       Vitalisation      |       |       |       |     1 ||     1
Evoke: Wand              |       |       |       |     2 ||     2
  Use: Scroll            |     2 |     2 |       |     9 ||    13
       Potion            |       |       |       |    21 ||    21
 Stab: Sleeping          |     4 |     4 |     7 |    11 ||    26
       Held in net/web   |       |     3 |     1 |     1 ||     5
  Eat: Chunk             |     3 |     1 |    11 |    25 ||    40
       Meat ration       |     1 |       |       |     2 ||     3
